[Event "Open Nuevo Centro. Jornada 2"]
[Site "Chess.com"]
[Date "2020.06.26"]
[Round "5"]
[White "Donate Moreno, Silvia"]
[Black "Donate Moreno, David"]
[Result "1-0"]
[WhiteElo "1783"]
[BlackElo "1517"]
[TimeControl "180+2"]
[EndTime "11:20:48 PDT"]
[Termination "Victoria de 2camarones por jaque mate"]

1. e4 e5 2. Nf3 Nc6 3. Bb5 Nd4 4. Nxd4 exd4 5. c3 dxc3 6. Nxc3 a6 7. Ba4 Bc5 8. d4 Ba7 9. O-O Ne7 10. Bb3 O-O 11. Be3 c6 12. f4 d5 13. exd5 Nxd5 14. Nxd5 cxd5 15. Qf3 Be6 16. f5 Bc8 17. f6 Be6 18. fxg7 Re8 19. Bc2 Bg4 20. Qxf7# 1

[Event "Open Nuevo Centro. Jornada 2"]
[Site "Chess.com"]
[Date "2020.06.26"]
[Round "5"]
[White "Chernikov, Vladimir"]
[Black "Rodriguez Rodriguez, Joan David "]
[Result "1-0"]
[WhiteElo "2274"]
[BlackElo "1611"]
[TimeControl "180+2"]
[EndTime "11:21:05 PDT"]
[Termination "Victoria de isla88 por abandono"]

1. d4 d5 2. Nf3 Nf6 3. Bg5 Nbd7 4. e3 h6 5. Bf4 e6 6. Bd3 Be7 7. Nbd2 O-O 8. c3 c6 9. Ne5 Nxe5 10. dxe5 Nd7 11.
Qh5 Bg5 12. Nf3 Bxf4 13. exf4 Qe7 14. g4 Nc5 15. Bc2 Ne4 16. g5 hxg5 17. Bxe4 dxe4 18. Nxg5 1

[Event "Open Nuevo Centro. Jornada 2"]
[Site "Chess.com"]
[Date "2020.06.26"]
[Round "5"]
[White "Gil López, Alejandro"]
[Black "Garcia, Jhoel"]
[Result "0-1"]
[WhiteElo "2114"]
[BlackElo "2294"]
[TimeControl "180+2"]
[EndTime "11:21:10 PDT"]
[Termination "Victoria de shoels por abandono"]

1. e4 c5 2. Nf3 d6 3. c3 Nf6 4. Qc2 Nc6 5. Bc4 e6 6. d4 cxd4 7. cxd4 Be7 8. O-O O-O 9. Nc3 d5 10.
exd5 exd5 11. Bb3 Bg4 12. Be3 Bxf3 13. gxf3 Qd7 14. Kg2 Rac8 15. a3 a6 16. Rae1 Bd6 17. Qd3 Bb8 18. Bg5 Qd6 19. f4 Nh5 20. Ne2 h6 21.
Bh4 Qxf4 22. Nxf4 Nxf4+ 0

[Event "Open Nuevo Centro. Jornada 2"]
[Site "Chess.com"]
[Date "2020.06.26"]
[Round "5"]
[White "Morata Briones, Carlos"]
[Black "Martínez Cuenca, Jose Andrés"]
[Result "0-1"]
[WhiteElo "830"]
[BlackElo "1092"]
[TimeControl "180+2"]
[EndTime "11:21:12 PDT"]
[Termination "Victoria de JoseAndres2008 por jaque mate"]

1. e4 c5 2. Qh5 d6 3. Bc4 g6 4.
Qf3 Nf6 5. d3 Bg7 6. Bg5 O-O 7.
Bxf6 Bxf6 8. Nh3 Bd7 9. c3 Qc8 10. d4 cxd4 11. cxd4 Bxd4 12. Ng5 Be6 13. Nxe6 fxe6 14.
Qh3 Bxf2+ 15. Kd1 Qxc4 16. Qxe6+ Qxe6 17. Nc3 Qg4+ 18. Kc1 Be3+ 19. Kc2 Rf2+ 20. Kb3 Qe6+ 21. Ka3 Bc5+ 22. Ka4 Qc4+ 23. Ka5 Qb4# 0

[Event "Open Nuevo Centro. Jornada 2"]
[Site "Chess.com"]
[Date "2020.06.26"]
[Round "5"]
[White "Camison Zornoza, Cesar"]
[Black "Más Ripoll, Vicente"]
[Result "1-0"]
[WhiteElo "1715"]
[BlackElo "1006"]
[TimeControl "180+2"]
[EndTime "11:21:13 PDT"]
[Termination "Victoria de cczchess por tiempo"]

1. e4 c5 2. d4 cxd4 3. c3 dxc3 4. Nxc3 e6 5. Nf3 Bb4 6. Bc4 Bxc3+ 7. bxc3 Qc7 8. Qe2 b5 9. Bxb5 Qxc3+ 10. Qd2 Qxa1 11. O-O Qf6 12. Bb2 Ne7 13. Bxf6 1

[Event "Open Nuevo Centro. Jornada 2"]
[Site "Chess.com"]
[Date "2020.06.26"]
[Round "5"]
[White "Rabbani Perez, Ayoub "]
[Black "Hernández Tomás, Efrén"]
[Result "0-1"]
[WhiteElo "221"]
[BlackElo "1039"]
[TimeControl "180+2"]
[EndTime "11:21:19 PDT"]
[Termination "Victoria de EfrenHT10 por jaque mate"]

1. d4 e6 2. e3 d5 3. c3 Nf6 4.
Nf3 Nc6 5. Nbd2 Bd6 6. Ng5 h6 7.
Nxf7 Kxf7 8. f4 Rf8 9. Nb3 Kg8 10.
Bb5 Bd7 11. Rf1 a6 12. Bd3 Nb4 13. cxb4 Bxb4+ 14. Kf2 Ne4+ 15. Kg1 Qh4 16. g3 Qf6 17.
Bxe4 dxe4 18. h4 Bb5 19. Rf2 Qg6 20. Nc5 Qxg3+ 21. Kh1 Qxf2 22. Nxb7 Be2 23. h5 Bxd1 24.
b3 Bf3# 0

[Event "Open Nuevo Centro. Jornada 2"]
[Site "Chess.com"]
[Date "2020.06.26"]
[Round "5"]
[White "García Giménez, Santiago"]
[Black "Marín Corresa, Arturo"]
[Result "1-0"]
[WhiteElo "2138"]
[BlackElo "2195"]
[TimeControl "180+2"]
[EndTime "11:21:29 PDT"]
[Termination "Victoria de Somaelfideitos por abandono"]

1. e4 c5 2. Nf3 Nc6 3. Bb5 g6 4. O-O Bg7 5. c3 e5 6. d4 cxd4 7. cxd4 exd4 8. Bf4 Nge7 9. Bd6 O-O 10. Nbd2 a6 11. Qa4 Re8 12. Bc4 Ra7 13. Bxf7+ Kxf7 14. Qb3+ Kf6 15. e5+ Kf5 16. Qf7+ Kg4 17. Qxg7 Nf5 18.
h3+ Kf4 19. g3+ Nxg3 20. e6+ Kf5 21. Bxg3 dxe6 22. Nh4+ Kg5 23. Ne4+ 1

[Event "Open Nuevo Centro. Jornada 2"]
[Site "Chess.com"]
[Date "2020.06.26"]
[Round "5"]
[White "Bosch Jordà, Ricard"]
[Black "Colomer Martinez, Isabel"]
[Result "1-0"]
[WhiteElo "1762"]
[BlackElo "1379"]
[TimeControl "180+2"]
[EndTime "11:21:43 PDT"]
[Termination "Victoria de UltimateLimo por abandono"]

1. e4 e5 2. Nf3 Nc6 3. Bb5 Nf6 4. O-O Nxe4 5. d4 exd4 6. Re1 d5 7. Nxd4 Bd7 8. f3 Nxd4 9. Bxd7+ Qxd7 10. Qxd4 Bc5 11. Qxc5 b6 12. Qd4 c5 13. Rxe4+ dxe4 14. Qxe4+ Qe7 15.
Qxa8+ Qd8 16. Qxd8+ Kxd8 17. Nc3 h5 18. Bf4 Rg8 19.
Rd1+ Ke7 20. Nd5+ Ke6 21. c4 g5 22. Be3 g4 23. fxg4 Rxg4 24. Nf4+ Kf5 25. Nxh5 Ke4 26.
Bc1 Rh4 27. Nf6+ Kf5 28. Rd5+ Kxf6 29. Bg5+ Ke6 30. Bxh4 1

[Event "Open Nuevo Centro. Jornada 2"]
[Site "Chess.com"]
[Date "2020.06.26"]
[Round "5"]
[White "Yatseta Fernandez, Marc Kazymyr"]
[Black "Beneyto de Ramon, Guillermo"]
[Result "1-0"]
[WhiteElo "1464"]
[BlackElo "1506"]
[TimeControl "180+2"]
[EndTime "11:21:48 PDT"]
[Termination "Victoria de K_73 por abandono"]

1. d4 d5 2. c4 e6 3. g3 c6 4. Bg2 dxc4 5. Nf3 Nf6 6. O-O b5 7. a4 Bb4 8. Ne5 Bb7 9. axb5 Qd6 10. bxc6 Bxc6 11. Nxc6 Nxc6 12. Qa4 Rc8 13. Bf4 Qxd4 14.
Bxc6+ Rxc6 15. Qxc6+ Qd7 16. Qxd7+ Nxd7 17. Rxa7 e5 18.
Be3 Ke7 19. Rd1 Rd8 20. Nc3 Bxc3 21. bxc3 Ke6 22. f4 f6 23. Rc7 exf4 24. Bxf4 g5 25. Be3 Ke7 26. Rxc4 Ne5 27. Rc7+ Nd7 28. c4 Ke6 29. c5 1

[Event "Open Nuevo Centro. Jornada 2"]
[Site "Chess.com"]
[Date "2020.06.26"]
[Round "5"]
[White "Sanchez Saez, Francisco"]
[Black "Campos Gambuti, Luis María"]
[Result "0-1"]
[WhiteElo "2288"]
[BlackElo "2416"]
[TimeControl "180+2"]
[EndTime "11:21:50 PDT"]
[Termination "Victoria de Tangalangafacv por abandono"]

1. e4 d5 2. exd5 Qxd5 3. Nc3 Qd6 4. d4 Nf6 5. Nf3 Nc6 6. g3 Bg4 7. Be3 O-O-O 8. Bg2 e5 9. dxe5 Nxe5 10. Qxd6 Nxf3+ 11. Bxf3 Bxd6 12. Bxg4+ Nxg4 13. O-O Nxe3 14. fxe3 f6 15. Kg2 Be5 16. Rad1 Bxc3 17. bxc3 Rxd1 18. Rxd1 Re8 19. Kf3 Re5 20. Rd4 Rc5 21. c4 Ra5 22. Rg4 g6 23. Rh4 h5 24. g4 hxg4+ 25. Rxg4 g5 26. Ke4 f5+ 0

[Event "Open Nuevo Centro. Jornada 2"]
[Site "Chess.com"]
[Date "2020.06.26"]
[Round "5"]
[White "URSARIU, NIKOLAS VICTOR"]
[Black "Rausell Taberner, Diego"]
[Result "0-1"]
[WhiteElo "934"]
[BlackElo "577"]
[TimeControl "180+2"]
[EndTime "11:22:03 PDT"]
[Termination "Victoria de DieguinRau por jaque mate"]

1. e4 e5 2. Nf3 Nc6 3. Nc3 Nf6 4. d4 exd4 5. Nxd4 Bb4 6. Nxc6 bxc6 7. Bd3 d6 8. Bd2 O-O 9. a3 Bg4 10. Qc1 Bc5 11. h3 Bh5 12. O-O Bf3 13. gxf3 Nh5 14. Re1 Qd7 15. e5 Qxh3 16. Be4 d5 17. Nxd5 cxd5 18.
Bxd5 Rad8 19. Bc6 Bb6 20. Bb4 Qh4 21. Re2 Nf4 22. Rd2 Qg5+ 23. Kf1 Qg2+ 24. Ke1 Qg1# 0

[Event "Open Nuevo Centro. Jornada 2"]
[Site "Chess.com"]
[Date "2020.06.26"]
[Round "5"]
[White "Zakharash, Georgii"]
[Black "Torres Biosca, Roberto"]
[Result "1-0"]
[WhiteElo "1067"]
[BlackElo "704"]
[TimeControl "180+2"]
[EndTime "11:22:19 PDT"]
[Termination "Victoria de georgiizakharash por jaque mate"]

1. d4 d5 2. Nc3 Nc6 3. Bf4 b6 4. e3 Nb4 5. Nf3 Bf5 6. Rc1 e6 7. a3 Nc6 8. Bd3 Bxd3 9. Qxd3 Nf6 10. O-O Ng4 11. e4 Qf6 12. Bxc7 Rc8 13. Bg3 Qg6 14. Rfd1 dxe4 15. Qxe4 f5 16. Qe2 Qh6 17. Re1 Nxd4 18. Nxd4 Qxh2+ 19. Bxh2 Rc7 20. Qxe6+ Re7 21. Qc8+ Kf7 22.
Rxe7+ Kxe7 23. Nd5+ Kf7 24. Qe6# 1

[Event "Open Nuevo Centro. Jornada 2"]
[Site "Chess.com"]
[Date "2020.06.26"]
[Round "5"]
[White "Denis Cazacu, Ioan"]
[Black "Martínez Carvajal, Juan Francisco"]
[Result "0-1"]
[WhiteElo "1396"]
[BlackElo "1755"]
[TimeControl "180+2"]
[EndTime "11:22:25 PDT"]
[Termination "Victoria de JuanFcoMtnezCarvajal por abandono"]

1. d4 Nf6 2. c4 e6 3. Nc3 Bb4 4. Bg5 c5 5. Nf3 Qa5 6. Bd2 Nc6 7. a3 Bxc3 8. Bxc3 Qc7 9. dxc5 O-O 10. Bxf6 gxf6 11.
e3 Ne5 12. Nxe5 Qxe5 13. Qg4+ Qg5 14. Qxg5+ fxg5 15. Bd3 b6 16. cxb6 axb6 17. h4 g4 18.
Be2 h5 19. f3 f5 20. e4 Ba6 21.
exf5 exf5 22. b4 Rfe8 23. Kd2 d5 24. b5 Bb7 25. fxg4 hxg4 26. g3 Rad8 27. cxd5 Rxd5+ 28. Bd3 Red8 29. Rhf1 Rxd3+ 30. Kc2 Be4 31. Kb2 Rxg3 0

[Event "Open Nuevo Centro. Jornada 2"]
[Site "Chess.com"]
[Date "2020.06.26"]
[Round "5"]
[White "Gutierrez Marco, Dario"]
[Black "Macias Pino, Diego"]
[Result "0-1"]
[WhiteElo "1908"]
[BlackElo "2204"]
[TimeControl "180+2"]
[EndTime "11:22:35 PDT"]
[Termination "Victoria de jesuimafe por jaque mate"]

1. e4 c6 2. d4 d5 3. e5 c5 4. c3 cxd4 5. cxd4 Nc6 6. Nf3 Bg4 7. Be2 e6 8. O-O Nge7 9. Be3 Nf5 10. a3 Be7 11. b4 a6 12. h3 Bxf3 13. Bxf3 Qb6 14.
Nc3 Ncxd4 15. Na4 Qa7 16. Rc1 Nxe3 17. fxe3 Nf5 18. Rf2 Bg5 19. Nc5 Bxe3 20. Rc2 O-O 21.
Bg4 Bxf2+ 22. Rxf2 b6 23. Nd3 Ne3 24. Qf3 Nxg4 25.
Qxg4 Rac8 26. h4 Rc4 27. Nf4 b5 28. h5 Rc1+ 29. Kh2 Qxf2 30. h6 Qg1+ 31. Kh3 Rc3+ 32. Kh4 Qh2+ 33. Kg5 Qxh6# 0

[Event "Open Nuevo Centro. Jornada 2"]
[Site "Chess.com"]
[Date "2020.06.26"]
[Round "5"]
[White "Pardo Ruiz, Carlos"]
[Black "Saiz Sapena, Veronica"]
[Result "1-0"]
[WhiteElo "1844"]
[BlackElo "1550"]
[TimeControl "180+2"]
[EndTime "11:22:54 PDT"]
[Termination "Victoria de Carlitoscarlsen por abandono"]

1. e4 c6 2. d4 d5 3. exd5 cxd5 4.
Bd3 Nc6 5. c3 Nf6 6. h3 a6 7.
Nf3 e6 8. O-O Be7 9. Bf4 b5 10.
Re1 O-O 11. Ne5 Nxe5 12. Bxe5 Bb7 13. Qf3 Qb6 14. Qg3 h6 15. Nd2 Kh8 16. Nf3 Nh5 17. Qg4 Nf6 18. Bxf6 Bxf6 19. Nh4 Bxh4 20. Qxh4 Qd8 21. Qf4 Bc8 22. Re3 f5 23. Rg3 Rf6 24. Qe5 Qf8 25. Re1 Kh7 26. Qc7 h5 27. Rg5 Rh6 28. Qc6 Kh8 29. Qxa8 Bd7 30. Qxf8+ 1

[Event "Open Nuevo Centro. Jornada 2"]
[Site "Chess.com"]
[Date "2020.06.26"]
[Round "5"]
[White "Lopez Mateo, Juan Carlos"]
[Black "Castellano López, Javier"]
[Result "1-0"]
[WhiteElo "1999"]
[BlackElo "1800"]
[TimeControl "180+2"]
[EndTime "11:23:06 PDT"]
[Termination "Victoria de Tarantantinov por jaque mate"]

1. e4 c6 2. Ne2 d5 3. e5 Bf5 4. Ng3 Bg6 5. h4 h5 6. e6 Nf6 7.
d4 Qd6 8. exf7+ Bxf7 9. Nd2 Nbd7 10. Nf3 O-O-O 11. Ng5 Bg6 12. Bd3 Be8 13. O-O e5 14. Bf5 e4 15. c4 g6 16. c5 Qe7 17. Bh3 Bf7 18. Bf4 Bh6 19. Bd6 Qe8 20. Qa4 Bxg5 21. Qa5 b6 22. Qa6# 1

[Event "Open Nuevo Centro. Jornada 2"]
[Site "Chess.com"]
[Date "2020.06.26"]
[Round "5"]
[White "Randazzo, Adrián"]
[Black "Remolar Gallen, Jose"]
[Result "1-0"]
[WhiteElo "2478"]
[BlackElo "2353"]
[TimeControl "180+2"]
[EndTime "11:23:25 PDT"]
[Termination "Victoria de Nikithebest por tiempo"]

1. e4 d6 2. d4 Nf6 3. Nc3 g6 4. Bf4 c5 5. dxc5 Qa5 6. Bb5+ Bd7 7. Qd3 Nc6 8. cxd6 exd6 9. Nf3 O-O-O 10. O-O-O Nh5 11.
Be3 Bg7 12. Nd4 Nf4 13. Qc4 Ne6 14. Nxc6 bxc6 15. Bxc6 Bxc3 16. Bd5+ Qc7 17. Qxc7+ Kxc7 18. bxc3 a5 19. c4 Rb8 20. f4 a4 21. f5 gxf5 22. exf5 Nc5 23. Bf4 Bxf5 24. Bxf7 Rb6 25. Rd5 1

[Event "Open Nuevo Centro. Jornada 2"]
[Site "Chess.com"]
[Date "2020.06.26"]
[Round "5"]
[White "Silva Rodriguez, Fernando"]
[Black "Casado Andreu, David"]
[Result "1-0"]
[WhiteElo "2472"]
[BlackElo "1638"]
[TimeControl "180+2"]
[EndTime "11:23:52 PDT"]
[Termination "Victoria de HarnFer por abandono"]

1. d4 Nf6 2. Nc3 g6 3. Bf4 Bg7 4. Qd2 d6 5. O-O-O O-O 6. f3 Nc6 7. e4 e5 8. Be3 exd4 9. Bxd4 Nxd4 10. Qxd4 Nd7 11. Qd2 Nc5 12. Nge2 Be6 13. Nd4 Qe7 14. h4 a6 15. h5 b5 16. Kb1 b4 17.
Nd5 Bxd5 18. exd5 a5 19. Bc4 Rfb8 20. Qf4 Be5 21. Qg4 Bg7 22. Qf4 a4 23. Nc6 Qf6 24.
Qxf6 Bxf6 25. Nxb8 Rxb8 26. hxg6 fxg6 27. g4 b3 28. axb3 axb3 29. c3 Re8 30. Rde1 Ra8 31.
Re2 Ra4 32. Bb5 Rf4 33. Re8+ Kg7 34. Be2 Nd7 35. Rc8 Ne5 36. Rxc7+ Kg8 37. Rhxh7 Nxf3 38. Rhd7 Be5 39. Rc8+ Rf8 40. Rxf8+ Kxf8 41. Bxf3 Ke8 42. Rb7 g5 43. Rxb3 Bf4 44. Rb7 Kd8 45. Kc2 Kc8 46. Rh7 Kd8 47. b4 1

[Event "Open Nuevo Centro. Jornada 2"]
[Site "Chess.com"]
[Date "2020.06.26"]
[Round "5"]
[White "Ferrando Lacruz, Nicolás "]
[Black "Valverde Alcaide, Miguel Alejandro"]
[Result "1-0"]
[WhiteElo "1112"]
[BlackElo "865"]
[TimeControl "180+2"]
[EndTime "11:24:04 PDT"]
[Termination "Victoria de Nicolasvlc por tiempo"]

1. d4 d5 2. Bf4 Nf6 3. Nf3 Nc6 4. e3 e6 5. Bd3 b6 6. Nbd2 Bd6 7.
Ne5 O-O 8. Ndf3 Nxe5 9. Nxe5 Ne4 10. Qf3 Nd2 11. Qg3 Ne4 12. Qh3 Ng5 13. Qg3 h6 14. Bxg5 Qxg5 15. Qh3 Bxe5 16. dxe5 Qxe5 17. f4 Qxb2 18. O-O e5 19. Qg3 Qc3 20. Rac1 Qxd3 21. cxd3 f5 22. fxe5 c5 23. e4 d4 24. exf5 Rxf5 25.
Qg6 Rxf1+ 26. Rxf1 Ba6 27. Qe6+ Kh7 28. Qf5+ Kg8 29. h4 Rf8 30. Qe6+ Rf7 31. Qxf7+ Kh7 32. h5 Bxd3 33. g3 Bxf1 34. Kxf1 c4 35. Qxc4 d3 36.
Qxd3+ Kg8 37. Qd5+ Kh7 38. e6 1

[Event "Open Nuevo Centro. Jornada 2"]
[Site "Chess.com"]
[Date "2020.06.26"]
[Round "5"]
[White "Albuixech Sanz, Jorge"]
[Black "Gerona Maura, Jesus"]
[Result "0-1"]
[WhiteElo "1353"]
[BlackElo "1753"]
[TimeControl "180+2"]
[EndTime "11:24:17 PDT"]
[Termination "Victoria de Retistente por jaque mate"]

1. e4 c5 2. Nf3 d6 3. d4 cxd4 4. Nxd4 Nf6 5. Nc3 a6 6. f3 e5 7. Nb3 Be6 8. Be3 Be7 9. Qd2 O-O 10. g4 Nbd7 11. O-O-O Rc8 12. Kb1 Nc5 13. Nxc5 dxc5 14. Qf2 Qa5 15. g5 Nd7 16. h4 Rfd8 17. Bh3 Bxh3 18. Rxh3 Nb6 19. Rhh1 Nc4 20. Bc1 Rd4 21. Nd5 Bf8 22. c3 Rxd1 23. Rxd1 b5 24. f4 b4 25. cxb4 cxb4 26. fxe5 Nxe5 27. Rf1 Qc5 28. h5 Qxf2 29. Rxf2 Nd3 30. Rd2 Rxc1# 0

[Event "Open Nuevo Centro. Jornada 2"]
[Site "Chess.com"]
[Date "2020.06.26"]
[Round "5"]
[White "Deusa Ballesteros, Lucas "]
[Black "Zamora Soler, Raul"]
[Result "0-1"]
[WhiteElo "1458"]
[BlackElo "1769"]
[TimeControl "180+2"]
[EndTime "11:24:21 PDT"]
[Termination "Victoria de rzamora80 por jaque mate"]

1. e4 c5 2. Nf3 Nc6 3. d4 cxd4 4. Nxd4 Nf6 5. Nc3 e6 6. Be3 Bb4 7. Bd3 O-O 8. O-O Bxc3 9. bxc3 d5 10. exd5 Nxd5 11.
Nxc6 bxc6 12. Bd4 Re8 13. Qh5 g6 14. Qh6 e5 15. Be3 Nxc3 16. Qg5 Qxg5 17. Bxg5 Kg7 18. Rfe1 f6 19. Bd2 Nd5 20. f4 Bd7 21. fxe5 Rxe5 22. Rxe5 fxe5 23. Re1 Re8 24. c4 Nf4 25. Bxf4 exf4 26. Rxe8 Bxe8 27. Kf2 Kf6 28. h4 Ke5 29. Kf3 c5 30. Bc2 Bc6+ 31. Kf2 Be4 32. Ba4 h6 33.
g3 g5 34. hxg5 hxg5 35. gxf4+ gxf4 36. Ke2 Kd4 37. Bb3 a5 38. Kf2 Kc3 39. Ke2 Bc2 40.
Bxc2 Kxc2 41. Kf3 Kc3 42. Kxf4 Kxc4 43. Ke3 Kc3 44. Ke4 a4 45. Kd5 c4 46. Kc5 Kd3 47. Kb4 c3 48. Ka3 c2 49. Kb2 Kd2 50. a3 c1=Q+ 51. Ka2 Qc4+ 52. Kb2 Qb5+ 53. Ka2 Kc2 54.
Ka1 Qb1# 0

[Event "Open Nuevo Centro. Jornada 2"]
[Site "Chess.com"]
[Date "2020.06.26"]
[Round "5"]
[White "Segarra Martinez, Axel"]
[Black "Giaccio González, Alfredo Gustavo"]
[Result "1-0"]
[WhiteElo "2225"]
[BlackElo "2368"]
[TimeControl "180+2"]
[EndTime "11:24:33 PDT"]
[Termination "Victoria de Alejandrosky por jaque mate"]

1. e4 e6 2. d4 d5 3. Nd2 a6 4.
c3 c5 5. exd5 exd5 6. Ngf3 c4 7.
Be2 Bd6 8. O-O Ne7 9. b3 cxb3 10. axb3 Nbc6 11. c4 O-O 12. h3 Bf5 13. Bb2 f6 14. Nh4 Be6 15. Re1 Qd7 16. Bg4 Bxg4 17. hxg4 Rfe8 18.
Qf3 Bb4 19. Rad1 dxc4 20. bxc4 Nxd4 21. Qd3 Rad8 22. Re4 Nec6 23. Nf5 Bxd2 24. Rxd2 Rxe4 25. Qxe4 Nf3+ 26. gxf3 Qxd2 27. Qe6+ Kh8 28. Bxf6 h6 29. Bxg7+ Kh7 30. Bxh6 Qd7 31. Qe4 Re8 32. Qf4 Ne5 33. Bg7 Kg8 34. Bxe5 Qe6 35. Qg5+ Kh7 36. Qg7# 1

[Event "Open Nuevo Centro. Jornada 2"]
[Site "Chess.com"]
[Date "2020.06.26"]
[Round "5"]
[White "Borissov, Julián"]
[Black "Vega Gutiérrez, Sabrina"]
[Result "0-1"]
[WhiteElo "1853"]
[BlackElo "2044"]
[TimeControl "180+2"]
[EndTime "11:24:36 PDT"]
[Termination "Victoria de Valeron87 por abandono"]

1. e4 c5 2. Nf3 Nc6 3. Bb5 Nf6 4.
Bxc6 dxc6 5. e5 Nd5 6. c4 Nc7 7.
O-O Bg4 8. h3 Bxf3 9. Qxf3 Ne6 10.
Nc3 g6 11. Ne4 Bg7 12. d3 O-O 13. Qg3 Qd4 14. Be3 Qxd3 15. Nxc5 Nxc5 16. Bxc5 Qxg3 17.
fxg3 Bxe5 18. Rae1 Bxb2 19. Rxe7 b6 20. Bd6 Rad8 21. c5 Bd4+ 22. Kh2 bxc5 23. Bc7 Rd5 24.
Re2 c4 25. Rf4 Rc8 26. Re7 Rf8 27. Rfe4 c3 28. Bf4 c2 29. Rc7 f5 30. Ree7 Rc5 31. Rxh7 c1=Q 32. Bxc1 Rxc1 33. Rxa7 Bxa7 34. Rxa7 c5 35. a4 c4 36. a5 c3 37. a6 Rc8 38. Rb7 Ra1 39. a7 c2 40. Rb8 c1=Q 41. Rxc8+ Qxc8 0

[Event "Open Nuevo Centro. Jornada 2"]
[Site "Chess.com"]
[Date "2020.06.26"]
[Round "5"]
[White "Cebolla Ruiz, David"]
[Black "Yuste Valenzuela, Alejandro"]
[Result "0-1"]
[WhiteElo "1560"]
[BlackElo "1848"]
[TimeControl "180+2"]
[EndTime "11:24:37 PDT"]
[Termination "Victoria de alejandrito290 por jaque mate"]

1. e4 c5 2. Nf3 d6 3. d4 cxd4 4. Nxd4 Nf6 5. Nc3 g6 6. Be3 Bg7 7. f3 O-O 8. Qd2 Nc6 9. Bc4 Bd7 10. O-O-O Rc8 11. Bb3 Ne5 12. h4 h5 13. Bh6 Nc4 14. Bxc4 Rxc4 15. Bxg7 Kxg7 16. Qe2 Rc5 17. Rhg1 Be6 18.
Nxe6+ fxe6 19. g4 Qa5 20. gxh5 Nxh5 21. Qg2 Nf4 22. Qg4 Rxc3 23. bxc3 Qxc3 24. Kb1 Qb4+ 25.
Ka1 Qc3+ 26. Kb1 e5 27. h5 Rc8 28. Rc1 Rc5 29. h6+ Kh7 30. a4 Rc4 31. Qd7 Rb4+ 32.
Ka2 Qb2# 0

[Event "Open Nuevo Centro. Jornada 2"]
[Site "Chess.com"]
[Date "2020.06.26"]
[Round "5"]
[White "Montesinos Diaz, Luis"]
[Black "Crevillen Abad, Clemente"]
[Result "1-0"]
[WhiteElo "1881"]
[BlackElo "1755"]
[TimeControl "180+2"]
[EndTime "11:24:42 PDT"]
[Termination "Victoria de Gwiso_06 por abandono"]

1. d4 d5 2. Nf3 Nf6 3. e3 c5 4. b3 cxd4 5. exd4 Bg4 6. Nbd2 Nbd7 7. Bb2 e6 8. h3 Bh5 9. Bd3 Bd6 10. O-O O-O 11. c4 Bg6 12. Bxg6 hxg6 13. Ne5 Bxe5 14. dxe5 Ne8 15. cxd5 exd5 16. Nf3 Nb6 17. Qd4 f6 18. exf6 Nxf6 19. Rfe1 Re8 20. Rxe8+ Qxe8 21. Re1 Qd7 22. Ne5 Qf5 23. Ng4 Rf8 24. Re7 Rf7 25. Nxf6+ Qxf6 26. Re8+ Rf8 27. Qxf6 gxf6 28. Rxf8+ Kxf8 29. Bxf6 Kf7 30. Bd4 Nc8 31. Kf1 Ke6 32. Ke2 a6 33. g4 Nd6 34.
f3 Nb5 35. Kd3 Nd6 36. h4 Nf7 37. Ke3 b5 38. b4 Ke7 39. Kf4 Nd8 40. h5 Kf7 41.
Ke5 gxh5 42. gxh5 Ne6 43. Kxd5 Nf4+ 44. Kc6 Nxh5 45. Kb6 Ke6 46. Kxa6 Kd5 47. Bc5 Kc4 48. Ka5 Ng7 49. f4 Ne6 50. f5 Nxc5 51. bxc5 Kxc5 52.
f6 Kd6 53. Kxb5 Ke6 54. a4 Kxf6 55.
a5 Ke6 56. Kc6 1

[Event "Open Nuevo Centro. Jornada 2"]
[Site "Chess.com"]
[Date "2020.06.26"]
[Round "5"]
[White "Lloret Ramis, Juan José"]
[Black "Montes Molina, Ivan"]
[Result "1-0"]
[WhiteElo "1977"]
[BlackElo "1285"]
[TimeControl "180+2"]
[EndTime "11:25:00 PDT"]
[Termination "Victoria de Amiplim por jaque mate"]

1. c4 Nf6 2. Nc3 d5 3. cxd5 Nxd5 4.
Nf3 b6 5. g3 Bb7 6. Bg2 Nxc3 7.
bxc3 g5 8. O-O g4 9. Qa4+ Qd7 10. Qxd7+ Nxd7 11. Nh4 Bxg2 12. Nxg2 e5 13. d3 Be7 14. Ne3 h5 15. a4 Bg5 16. Nd5 Bxc1 17. Rfxc1 Rc8 18. a5 c6 19. Ne3 O-O 20. axb6 axb6 21. Ra7 Nc5 22. Nf5 Kh7 23. Nd6 Ra8 24. Rxf7+ Rxf7 25. Nxf7 Nd7 26. c4 c5 27. Rb1 Ra2 28. Kf1 Kg6 29. Nd6 Ra8 30. Ne4 Kf5 31. Nc3 Rb8 32.
Nd5 Ke6 33. Ra1 Nf6 34. Nxf6 Kxf6 35. Ra7 Kg5 36. Rc7 h4 37. Rg7+ Kh6 38. Rxg4 h3 39. Rh4+ Kg5 40. Rxh3 Ra8 41. Rh7 Kg4 42. Kg2 Ra5 43.
Re7 b5 44. cxb5 Rxb5 45. Rxe5 c4 46. h3# 1

[Event "Open Nuevo Centro. Jornada 2"]
[Site "Chess.com"]
[Date "2020.06.26"]
[Round "5"]
[White "Valero Martinez, Óscar"]
[Black "Birnoveanu, Petru"]
[Result "0-1"]
[WhiteElo "873"]
[BlackElo "1691"]
[TimeControl "180+2"]
[EndTime "11:25:03 PDT"]
[Termination "Victoria de piculet por jaque mate"]

1. e4 Nc6 2. Nf3 f5 3. Nc3 fxe4 4. Nxe4 d5 5. Nc5 e5 6. Bb5 Bxc5 7. d3 Bd6 8. Bg5 Nf6 9. Qe2 O-O 10. d4 e4 11. Bxc6 exf3 12. Qxf3 bxc6 13. O-O h6 14. Bxh6 gxh6 15. Rae1 Ne4 16. Qh5 Qg5 17. Qxg5+ hxg5 18. f3 Nd2 19. Rf2 Nc4 20. b3 Nb6 21. Re5 Bxe5 22. dxe5 Bf5 23. g4 Be6 24. f4 Rxf4 25. Rg2 Nd7 26. c4 Rxg4 27. Rxg4 Bxg4 28. h3 Bxh3 29. Kh2 Be6 30. c5 Nxc5 31. b4 Nd3 32. Kg3 Nxe5 33. Kf2 Nd3+ 34. Ke3 Nxb4 35. a3 Na6 36. Kd4 Kf7 37.
a4 c5+ 38. Ke5 c6 39. a5 Nb4 40. Kd6 Rd8+ 41. Kc7 Rd7+ 42. Kb8 Na6+ 43. Kc8 Rc7+ 44.
Kd8 Rd7+ 45. Kc8 Nb4 46. a6 Ke7 47. Kb8 Kd8 48. Ka8 Rc7 49. Kb8 Nxa6+ 50. Ka8 Nb4 51. Kb8 a5 52. Ka8 Bc8 53. Kb8 Na6+ 54. Ka8 Bb7+ 55.
Ka7 Bc8+ 56. Ka8 Nb4 57. Kb8 c4 58. Ka8 c5 59. Kb8 Nc6+ 60. Ka8 Ra7# 0

[Event "Open Nuevo Centro. Jornada 2"]
[Site "Chess.com"]
[Date "2020.06.26"]
[Round "5"]
[White "Martínez Albelda, Mariela"]
[Black "Conejero Martínez, Víctor"]
[Result "0-1"]
[WhiteElo "994"]
[BlackElo "1242"]
[TimeControl "180+2"]
[EndTime "11:25:25 PDT"]
[Termination "Victoria de Camelocota20 por jaque mate"]

1. d4 Nf6 2. Nc3 d5 3. Bf4 e6 4. Nb5 Bd6 5. Nxd6+ cxd6 6. Nf3 O-O 7. e3 Nc6 8. Be2 e5 9. dxe5 dxe5 10. Nxe5 Nxe5 11. Bxe5 Bf5 12. Bd3 Be6 13. O-O Ng4 14. Bf4 Qh4 15. f3 Nf6 16. g3 Qh5 17. g4 Qh3 18. Qe2 h5 19. gxh5 Nxh5 20. Qg2 Nxf4 21. exf4 Qh6 22. f5 Qe3+ 23. Qf2 Qg5+ 24. Qg2 Qe3+ 25. Rf2 Bd7 26. f6 Qh6 27. Re1 Bh3 28. Qg3 g6 29. Re7 b6 30. Rfe2 Rfd8 31. Rc7 Re8 32. Rxe8+ Rxe8 33. Bf1 Bxf1 34. Kxf1 Qc1+ 35. Kf2 Qd2+ 36. Kg1 Re1+ 37.
Qxe1 Qxe1+ 38. Kg2 Qe2+ 39. Kg3 Qe5+ 40. Kf2 Qxc7 41.
Kg2 Qxc2+ 42. Kg3 Qxb2 43. Kf4 Qxf6+ 44. Kg3 Kg7 45. f4 Kh6 46. Kg4 Qe6+ 47. Kf3 Kh5 48.
Kg3 Qg4+ 49. Kf2 Kh4 50. Ke1 Qxf4 51. Kd1 Qxh2 52. Kc1 Kg4 53. Kb1 Kf3 54. Kc1 Ke3 55.
Kd1 Qxa2 56. Ke1 Qe2# 0